 Dungeon Crawl Stone Soup version 0.30.0-3-ga4e48a9924 (webtiles) character file.

Game seed: 16297441753534379354

1915 tizbic2 the Trooper (level 9, -1/93 HPs)
             Began as an Ogre Transmuter on May 6, 2023.
             Was a Follower of Cheibriados.
             Slain by a komodo dragon (17 damage)
             ... on level 8 of the Dungeon on May 7, 2023.
             The game lasted 00:27:58 (7192 turns).

tizbic2 the Trooper (Ogre Transmuter)               Turns: 7192, Time: 00:27:59

Health: -1/93      AC:  2    Str: 21    XL:     9   Next: 16%
Magic:  15/16      EV: 19    Int: 19    God:    Cheibriados [*.....]
Gold:   385        SH:  0    Dex: 17    Spells: 8/17 levels left

rFire   . .          .
                       - Unarmed
rCold   . . .        (shield currently unavailable)
rNeg    . . .        s - melded +2 robe
rPois   x            (helmet currently unavailable)
rElec   .            m - melded +0 cloak
rCorr   .            (gloves unavailable)
SInv    .            (boots unavailable)
Will    .....        C - amulet of magic regeneration
Stlth   ++           (no ring)
HPRegen 0.35/turn    (no ring)
MPRegen 0.55/turn

%: no passive effects
@: lethally poisoned (-1 -> -7), spider-form, very slow
A: venomous fangs, tiny, unfitting armour, (tough skin 1)
a: End Transformation, Renounce Religion, Bend Time


You were on level 8 of the Dungeon.
You worshipped Cheibriados.
Cheibriados was aware of your devotion.
You were a venomous arachnid creature.
You visited 2 branches of the dungeon, and saw 9 of its levels.

You collected 385 gold pieces.

Inventory:

Hand Weapons
 h - a +0 glaive of draining
 v - a +0 vampiric dagger
Missiles
 c - 22 poisoned darts (quivered)
 d - 59 stones
 e - 4 boomerangs
 x - 4 boomerangs of dispersal
Armour
 m - a +0 cloak (melded)
 s - a +2 robe (melded)
Jewellery
 g - an amulet of guardian spirit
 o - a ring of fire
 A - an amulet of the acrobat
 C - an amulet of magic regeneration (around neck)
Wands
 r - a wand of flame (17)
 t - a wand of mindburst (14)
Scrolls
 f - 2 scrolls of teleportation
 n - 3 scrolls of amnesia
 p - 2 scrolls of identify
 q - a scroll of poison {unknown}
 w - a scroll of torment {unknown}
 y - a scroll of immolation {unknown}
 D - a scroll of magic mapping {unknown}
 E - a scroll of blinking
 F - a scroll of enchant weapon {unknown}
Potions
 a - 3 potions of curing
 b - 3 potions of lignification
 i - 2 potions of attraction
 j - a potion of brilliance {unknown}
 k - a potion of mutation {unknown}
 l - a potion of cancellation
 u - 3 potions of heal wounds {unknown}
 z - a potion of magic {unknown}
 B - a potion of berserk rage {unknown}


   Skills:
 * Level 7.2 Fighting
 - Level 2.1 Dodging
 * Level 5.7 Unarmed Combat
 + Level 4.8 Spellcasting
 * Level 2.0 Translocations
 + Level 3.8 Transmutations
 - Level 2.0 Ice Magic
 + Level 2.1 Air Magic
 - Level 2.0 Poison Magic
 + Level 4.2 Invocations


You had 8 spell levels left.
You knew the following spells:

 Your Spells              Type           Power      Damage    Failure   Level
a - Beastly Appendage     Tmut           38%        N/A       10%         1
b - Spider Form           Tmut/Pois      15%        N/A       28%         3
c - Vhi's Electric Charg  Tloc/Air       24%        N/A       34%         3
d - Poisonous Vapours     Pois/Air       24%        N/A       22%         2

Your spell library contained the following spells:

 Spells                   Type           Power      Damage    Failure   Level
 Wereblood                Tmut           19%        N/A       12%         2
 Blink                    Tloc           24%        N/A       22%         2
 Lesser Beckoning         Tloc           24%        N/A       22%         2
 Gell's Gravitas          Tloc           12%        N/A       36%         3
 Ignite Poison            Fire/Tmut/Pois 12%        N/A       36%         3
 Teleport Other           Tloc           12%        N/A       36%         3
 Mephitic Cloud           Conj/Pois/Air  9%         N/A       43%         3
 Ice Form                 Ice/Tmut       15%        N/A       58%         4
 Manifold Assault         Tloc           12%        N/A       71%         4
 Sticky Flame             Conj/Fire      4%         2d3       90%         4
 Freezing Cloud           Conj/Ice/Air   4%         6-21      97%         5
 Arcjolt                  Conj/Air       4%         1d14      98%         5
 Plasma Beam              Fire/Air       4%         2x1d15    100%        6
 Storm Form               Tmut/Air       7%         N/A       100%        7
 Ignition                 Fire           2%         3d3       100%        8


Dungeon Overview and Level Annotations

Branches:
Dungeon (8/15)             Temple (1/1) D:5
   Lair: D:8-11

Altars:
Ashenzari
Cheibriados
Dithmenos
Elyvilon
Fedhas
Gozag
Hepliaklqana
Kikubaaqudgha
Makhleb
Nemelex Xobeh
Okawaru
Qazlal
Ru
Sif Muna
Trog
Uskayaw
Vehumet
Wu Jian
Xom
Yredelemnul
Zin
The Shining One

Shops:
D:2 !

Annotations:
D:8 2 transporters, persistantfolly's ghost, novice AtBr


Innate Abilities, Weirdness & Mutations

You are a venomous arachnid creature.
You have venomous fangs.
You are tiny and dextrous.
Your spellcasting is less reliable in this form.
Your armour is entirely melded.
You are incapable of wielding weapons or throwing items.
You are too large for most types of armour.
((You have tough skin. (AC +1)))


Message History

Found a wand of flame (7).
Your transformation is almost over.
Found a stone staircase leading down.
There is a stone staircase leading down here.
Found a whip.
The komodo dragon bites the fungus.
The fungus begins to die.
A killer bee comes into view.
Found 2 stones and 18 gold pieces.
Your transformation has ended.
Your +0 cloak unmelds from your body.
Your +2 robe unmelds from your body.
The komodo dragon hisses angrily.
The komodo dragon misses you. The komodo dragon bites you!!
You barely miss the komodo dragon.
A nearby fungus withers and dies.
The komodo dragon bites you!! The killer bee closely misses you.
The killer bee stings you.
You are poisoned.
The killer bee poisons you! The komodo dragon bites you!
You feel sick. The killer bee stings you.
You are more poisoned.
The killer bee poisons you! The killer bee stings you!
* * * LOW HITPOINT WARNING * * *
There is a stone staircase leading down, spattered with blood here.
Casting: Spider Form (dangerous; 12% risk of failure)
Confirm with . or Enter, or press ? or * to list all spells.
You turn into a venomous arachnid creature.
Your +0 cloak melds into your body.
Your +2 robe melds into your body.
You feel very sick. The killer bee misses you.
The killer bee completely misses you.
You bite the killer bee!
The killer bee is heavily wounded.
You feel sick. The killer bee completely misses you.
You hit the killer bee.
The killer bee is poisoned.
The killer bee is almost dead.
You feel sick.
You kill the killer bee!
Cheibriados thoroughly appreciates the change of pace.
Your Translocations skill increases to level 2!
You bite the komodo dragon!
The komodo dragon is poisoned.
The komodo dragon is lightly wounded.
You feel sick. The komodo dragon bites you!
You die...

.........P.......P...
...<..#.$P..P...P...
......#.......P...( ....#.#
#...P. ... ......... ).y
..# ### #####.#.# #.##.#
#.. #.#.# #....# #.#
####.#.# ####l# #.# .#
#..†...# #s# #.##..#
##.†....# #.#####.....#
........# #/......#
##......##############.#
..................# #.# #
####.....########.####.##.#
#.....# #.........####
#.....# ######........
#....## #..######


You could see a komodo dragon (very poisoned).

Vanquished Creatures
  Edmund (D:5)
  2 water moccasins
  3 ogres
  A phantom (D:6)
  A gnoll sergeant (D:7)
  3 bullfrogs
  2 scorpions
  3 killer bees (D:8)
  6 howler monkeys
  A hound (D:7)
  Crazy Yiuf (D:5)
  3 jellies
  Ijyb (D:5)
  An iguana (D:5)
  5 orc wizards
  6 gnolls
  5 adders
  An ufetubus (D:4)
  2 worms
  2 dart slugs
  12 orcs
  6 ball pythons
  7 bats
  4 endoplasms
  5 giant cockroaches
  5 goblins
  5 hobgoblins
  4 quokkas
  5 frilled lizards
  9 kobolds
  6 rats
  A spectral orc (D:5)
119 creatures vanquished.

Vanquished Creatures (others)
  18 fungi (D:8)
  10 plants (D:8)
28 creatures vanquished.

Grand Total: 147 creatures vanquished

Notes
Turn   | Place    | Note
-------+----------+-------------------------------------------
     0 | D:1      | tizbic2 the Ogre Transmuter began the quest for the Orb.
     0 | D:1      | Reached XP level 1. HP: 19/19 MP: 3/3
    62 | D:1      | Reached XP level 2. HP: 16/28 MP: 2/5
   114 | D:1      | Reached skill level 2 in Fighting
   412 | D:1      | Reached XP level 3. HP: 31/36 MP: 5/7
   532 | D:2      | Learned a level 3 spell: Spider Form
  1038 | D:2      | Found Ruickob's Distillery.
  1225 | D:2      | Reached skill level 3 in Fighting
  1225 | D:2      | Reached XP level 4. HP: 24/45 MP: 6/8
  1378 | D:2      | Learned a level 4 spell: Ice Form
  2050 | D:3      | Reached XP level 5. HP: 37/53 MP: 5/9
  3177 | D:4      | Reached skill level 4 in Fighting
  3375 | D:5      | Entered Level 5 of the Dungeon
  3375 | D:5      | Found a staircase to the Ecumenical Temple.
  3392 | Temple   | Entered the Ecumenical Temple
  3536 | Temple   | Became a worshipper of Cheibriados the Contemplative
  3574 | D:5      | Noticed a water moccasin
  3592 | D:5      | Killed a water moccasin
  3593 | D:5      | Reached skill level 1 in Invocations
  3593 | D:5      | Reached XP level 6. HP: 21/63 MP: 5/11
  3736 | D:5      | Noticed Edmund
  3750 | D:5      | Killed Edmund
  3919 | D:5      | Reached skill level 5 in Fighting
  3919 | D:5      | Reached skill level 1 in Ice Magic
  3919 | D:5      | Reached skill level 1 in Poison Magic
  3919 | D:5      | Reached XP level 7. HP: 38/72 MP: 4/12
  4022 | D:5      | Noticed Ijyb
  4089 | D:5      | Killed Ijyb
  4559 | D:5      | Found a runed translucent door.
  4560 | D:5      | Noticed Crazy Yiuf
  4600 | D:5      | Killed Crazy Yiuf
  4816 | D:5      | Learned a level 3 spell: Vhi's Electric Charge
  4863 | D:5      | Found a basalt altar of Yredelemnul.
  5239 | D:5      | Reached XP level 8. HP: 83/83 MP: 12/14
  5491 | D:6      | Reached * piety under Cheibriados
  5565 | D:6      | Found a hide-covered altar of Uskayaw.
  5577 | D:6      | Reached skill level 6 in Fighting
  5577 | D:6      | Reached skill level 1 in Air Magic
  5609 | D:6      | Reached skill level 5 in Unarmed Combat
  5761 | D:6      | Learned a level 2 spell: Poisonous Vapours
  5935 | D:7      | Identified the +2 chain mail of Curiosity {Rampage}
  6303 | D:7      | Reached skill level 1 in Translocations
  6349 | D:7      | Found an opulent altar of Gozag.
  6626 | D:7      | Found a bloodstained altar of Trog.
  6626 | D:7      | Found a radiant altar of Vehumet.
  6627 | D:7      | Found a shimmering altar of Xom.
  6992 | D:8      | Upgraded the game from 0.30.0 to 0.30.0-3-ga4e48a9924
  7005 | D:8      | Reached skill level 7 in Fighting
  7005 | D:8      | Reached XP level 9. HP: 90/93 MP: 15/15
  7022 | D:8      | Noticed persistantfolly's ghost (novice AtBr)
  7047 | D:8      | Found a transporter.
  7051 | D:8      | Found a transporter.
  7152 | D:8      | Noticed a komodo dragon
  7192 | D:8      | Slain by a komodo dragon

Illustrated notes

Levels and vault maps discovered:
D:1:      lightli_arrival_noodles, layout_rooms, st_stairs_7, bh_walls_and_bars
D:2:      layout_loops_corners, serial_shops, shop_fountains,
          kennysheep_generic_room_3
D:3:      layout_basic, minmay_misc_feat_room, hangedman_glass_teeth,
          chequers_big_river
D:4:      layout_basic
D:5:      layout_layer_cave, yredelemnul_forgotten_temple_becter,
          minmay_temple_entry_statues_fountains, uniq_crazy_yiuf_cottage,
          uniq_ijyb, uniq_edmund
D:6:      layout_rooms, mainiacjoe_overflow_alcove_1
D:7:      minmay_klotski, layout_basic, minitemple
D:8:      layout_loops_ring, grunt_lair_entry_orc_guard_hut,
          gammafunk_ghost_hive
Temple:   nicolae_temple_elliptical

Skill      XL: |  1  2  3  4  5  6  7  8  9 |
---------------+----------------------------+-----
Fighting       | 2 3 4 5 7 |  7.2
Unarmed Combat | 3 4 5 |  5.7
Dodging        | 2 |  2.1
Transmutations | 2 3 |  3.8
Spellcasting   | 3 4 |  4.8
Invocations    | 1 2 4 |  4.2
Ice Magic      | 1 2 |  2.0
Poison Magic   | 1 2 |  2.0
Air Magic      | 1 2 |  2.1
Translocations | 1 2 |  2.0

Action                     |  1- 3 |  4- 6 |  7- 9 || total
---------------------------+-------+-------+-------++-------
  Melee: Unarmed           |   106 |    43 |   125 ||   274
         Kick              |    22 |    22 |    51 ||    95
         Headbutt          |     9 |    23 |    29 ||    61
         Punch             |     1 |     6 |     4 ||    11
         Glaive            |    12 |       |       ||    12
         Short sword       |       |    32 |       ||    32
         Dagger            |       |    41 |   142 ||   183
  Throw: Dart              |       |     5 |     4 ||     9
   Cast: Beastly Appendage |    27 |    28 |    26 ||    81
         Spider Form       |       |     1 |     8 ||     9
         Vhi's Electric Ch |       |       |     4 ||     4
         Poisonous Vapours |       |       |     3 ||     3
    Use: Scroll            |     2 |     8 |     3 ||    13
         Potion            |       |     2 |     3 ||     5
   Stab: Sleeping          |       |     1 |       ||     1
 Armour: Robe              |    26 |    28 |    65 ||   119
         Skin              |       |       |    28 ||    28
  Dodge: Dodged            |    56 |    56 |   143 ||   255
